 Dungeon Crawl Stone Soup version 0.28.0-43-g3370ac3207 (webtiles) character file.

Game seed: 1531498281887456970

22 Haiku the Skirmisher (level 2, 0/26 HPs)
             Began as a Draconian Monk on Mar 7, 2022.
             Was a Believer of the Shining One.
             Slain by an adder (3 damage)
             ... on level 2 of the Dungeon.
             The game lasted 00:05:53 (820 turns).

Haiku the Skirmisher (Draconian Monk)                Turns: 820, Time: 00:05:53

Health: 0/26       AC:  4    Str: 10 (13) XL:     2   Next: 68%
Magic:  0/2        EV: 12    Int:  9 (10) God:    the Shining One [**....]
Gold:   48         SH:  0    Dex: 12 (13) Spells: 0/1 levels left

rFire   . . .      SeeInvis .   g - +0 quarterstaff
rCold   . . .      Faith    .   (shield currently unavailable)
rNeg    + . .      Spirit   .   (armour unavailable)
rPois   .          Reflect  .   (helmet restricted)
rElec   .          Harm     .   (no cloak)
rCorr   .          Rampage  .   (no gloves)
Will    .....                   (no boots)
Stlth   +.........              (no amulet)
HPRegen 0.08/turn               (no ring)
MPRegen 0.08/turn               (no ring)

@: very slightly contaminated, glowing
A: AC +4, unfitting armour, cold-blooded
a: Renounce Religion, Divine Shield


You were on level 2 of the Dungeon.
You worshipped the Shining One.
The Shining One was pleased with you.
You visited 1 branch of the dungeon, and saw 2 of its levels.

You collected 48 gold pieces.

Inventory:

Hand Weapons
 g - a +0 quarterstaff (weapon)
Scrolls
 b - a scroll of fog {unknown}
 e - a scroll of fear {unknown}


   Skills:
 * Level 3.5 Fighting
 * Level 3.1(3.2) Polearms
 * Level 0.6(2.1) Staves
 * Level 2.9 Dodging
 * Level 1.8 Stealth
 * Level 0.5 Poison Magic
 * Level 0.6 Evocations


You couldn't memorise any spells.
You knew the following spells:

 Your Spells              Type           Power      Damage    Failure   Level
a - Summon Small Mammal   Summ           0%         N/A       38%         1

Your spell library contained the following spells:

 Spells                   Type           Power      Damage    Failure   Level
 Beastly Appendage        Tmut           0%         N/A       38%         1
 Wereblood                Tmut           0%         N/A       52%         2
 Spider Form              Tmut/Pois      0%         N/A       73%         3
 Call Canine Familiar     Summ           0%         N/A       77%         3
 Summon Guardian Golem    Hex/Summ       0%         N/A       77%         3


Dungeon Overview and Level Annotations

Branches:
Dungeon (1/15)

Altars:
The Shining One


Innate Abilities, Weirdness & Mutations

Your plain brown scales are hard. (AC +4)
You cannot fit into any form of body armour.
You are cold-blooded and may be slowed by cold attacks.


Message History

You closely miss the adder.
The adder is heavily wounded.
You feel sick. The adder bites you but does no damage.
Your rat misses the adder. You barely miss the adder.
The adder is heavily wounded.
You feel sick. The adder bites you.
Your rat closely misses the adder.
The adder barely misses you.
It was a potion of cancellation.
You feel magically purged.
You feel sick.
Your rat bites the adder.
The adder misses you.
You closely miss the adder. You tail-slap the adder.
The adder is severely wounded.
You feel sick. The adder bites you.
* * * LOW HITPOINT WARNING * * *
Your rat barely misses the adder.
The adder misses you.
It was a potion of degeneration.
There was something very wrong with that liquid.
You feel weakened.
You feel dopey.
You feel clumsy.
You feel sick.
You are no longer poisoned.
Your rat bites the adder but does no damage.
The adder bites you but does no damage.
You closely miss the adder.
Your tail-slap misses the adder.
The adder is severely wounded.
Your rat misses the adder. The adder bites you.
* * * LOW HITPOINT WARNING * * *
Your rat barely misses the adder.
Casting: Summon Small Mammal (safe; 38% risk of failure)
Press: ? - help, Q - select action, (/) - cycle Dir - look around, f - activate You miscast Summon Small Mammal.
You are very lightly contaminated with residual magic.
Nothing appears to happen.
The adder misses you. x2; Your rat barely misses the adder.
Your rat misses the adder.
Your rat closely misses the adder.
You closely miss the adder.
The adder is severely wounded.
The adder bites you but does no damage.
Your rat barely misses the adder.
The adder bites you.
You die...

###......#
.#.....#.#
...# #...##
#.. ###..#
#.# #(†.#
#..##...##
#.......#
#..(..#.###
#.@S..#...##
#...r......#
#.......>....
#...$........
#............
#............
#>...........
#............
###..........


You could see an adder (ally target) and a friendly rat (summoned).

Vanquished Creatures
  2 dart slugs (D:1)
  2 endoplasms (D:1)
  A giant cockroach (D:1)
  3 hobgoblins
  3 kobolds (D:1)
  2 quokkas (D:1)
  A ball python (D:1)
  A frilled lizard (D:1)
  A rat (D:1)
16 creatures vanquished.

Notes
Turn   | Place    | Note
-------+----------+-------------------------------------------
     0 | D:1      | Haiku the Draconian Monk began the quest for the Orb.
     0 | D:1      | Reached XP level 1. HP: 19/19 MP: 1/1
   245 | D:1      | Reached XP level 2. HP: 12/26 MP: 2/2
   293 | D:1      | Learned a level 1 spell: Summon Small Mammal
   785 | D:1      | Found a faded altar of an unknown god.
   789 | D:1      | Prayed at the altar of an unknown god.
   789 | D:1      | Became a worshipper of the Shining One
   789 | D:1      | Reached * piety under the Shining One
   789 | D:1      | Reached ** piety under the Shining One
   791 | D:1      | You fall into a shaft and drop 1 floor!
   820 | D:2      | Slain by an adder

Illustrated notes

Levels and vault maps discovered:
D:1:      shiori_arrival_oz, layout_rooms,
          hellmonk_ecumenical_altar_leap_of_faith, st_stairs_7, minivault_5
D:2:      layout_rooms

Action                   || total
-------------------------++-------
Melee: Staff             ||    59
       Tailslap          ||    11
       Spear             ||     4
       Quarterstaff      ||    10
 Cast: Summon Small Mamm ||     5
  Use: Potion            ||     2
 Stab: Sleeping          ||     1
Armor: Skin              ||    18
Dodge: Dodged            ||    47
